 Dungeon Crawl Stone Soup version 0.18.1-48-g4cf74bf (webtiles) character file.

87423 Iskender the Spear-Bearer (level 15, -1/92 HPs)
             Began as a Gargoyle Chaos Knight on July 2, 2016.
             Slain by an ettin
             ... wielding a +0 dire flail
              (19 damage)
             ... on level 14 of the Dungeon.
             The game lasted 02:50:22 (20799 turns).

Iskender the Spear-Bearer (Gargoyle Chaos Knight)  Turns: 20799, Time: 02:50:24

Health: -1/92      AC: 31    Str: 24    XL:     15   Next: 90%
Magic:  15/15      EV: 19    Int: 13    God:    Xom [*.....]
Gold:   1419       SH:  2    Dex: 17    Spells: 2 memorised, 9 levels left

rFire  + . .     SeeInvis .     a - +4 halberd
rCold  + . .     Gourm    .     F - +5 scale mail of the Maze {Dex+3 Slay+2}
rNeg   + . .     Faith    .     (shield currently unavailable)
rPois  ∞         Spirit   .     (helmet restricted)
rElec  +         Dismiss  .     S - +0 cloak {MR+}
rCorr  +         Reflect  +     W - +2 pair of gloves
SustAt .         Harm     .     I - +0 pair of boots
MR     ++...     Clarity  +     i - +2 amulet of reflection
Stlth  ..........               Z - +3 ring of slaying
                                H - +5 ring of strength

@: resistant, flying, very slightly contaminated, very resistant to hostile
enchantments, extremely unstealthy
A: antennae 1, big wings, iridescent scales 1, clarity, mutation resistance 1,
negative energy resistance 1, sense surroundings 1, regeneration 3, electricity
resistance, strong 1, unbreathing, petrification resistance, rot immunity,
subdued magic 1, AC +11
a: Stop Flying, Renounce Religion


You were on level 14 of the Dungeon.
You worshipped Xom.
You were a special plaything of Xom.
You were very full.

You visited 3 branches of the dungeon, and saw 23 of its levels.
You also visited: Labyrinth.

You collected 1588 gold pieces.
You spent 169 gold pieces at shops.

Inventory:

Hand Weapons
 a - a +4 halberd (weapon)
 b - a +0 hunting sling
 A - a +1 halberd of protection
 X - a +0 trident
Missiles
 d - 475 stones (quivered)
 l - a throwing net {!f}
 Q - 213 sling bullets
Armour
 f - the cursed +0 robe of Leapfrog {rPois rC+ rN++ Int-3, unknown}
   (You found it on level 14 of the Dungeon)

   It affects your intelligence (-3).
   It protects you from cold.
   It protects you from poison.
   It greatly protects you from negative energy.
   It has a curse placed upon it.
 h - a +0 buckler
 F - the +5 scale mail of the Maze (worn) {Dex+3 Slay+2}
   (You found it on level 4 of the Dungeon)

   It affects your dexterity (+3).
   It affects your accuracy and damage with ranged weapons and melee attacks
   (+2).
 I - a +0 pair of boots (worn)
 S - a +0 cloak of magic resistance (worn)
 W - a +2 pair of gloves (worn)
 Y - a +2 leather armour of fire resistance
Rods
 p - a +3 lightning rod (9/11)
   (Xom gifted it to you on level 13 of the Dungeon)
Jewellery
 i - a +2 amulet of reflection (around neck)
 t - a +3 ring of intelligence
 x - an uncursed ring of protection from cold
 H - a +5 ring of strength (left hand)
 Z - a +3 ring of slaying (right hand)
Wands
 k - a wand of heal wounds (6/9)
 y - a wand of acid (10/15)
 L - a wand of teleportation (3/9)
Scrolls
 e - 3 scrolls of magic mapping
 q - 4 scrolls of fog
 s - 2 scrolls of enchant weapon
 v - a scroll of summoning
 w - a scroll of teleportation
 z - 4 scrolls of recharging
 C - 8 scrolls of remove curse
 D - a scroll of blinking
 J - 3 scrolls of fear
 T - 3 scrolls of identify
Potions
 j - 2 potions of heal wounds
 m - 4 potions of invisibility
 u - 2 potions of magic
 B - 3 potions of brilliance
 E - 8 potions of curing
 K - 2 potions of cure mutation
 N - a potion of cancellation
 P - 2 potions of resistance
 U - 6 potions of haste
Books
 g - a Grand Grimoire

   Spells                             Type                      Level
   a - Monstrous Menagerie            Summoning                    7
   b - Summon Greater Demon           Summoning                    7
   c - Malign Gateway                 Summoning/Translocation      7
   d - Summon Horrible Things         Summoning                    8
 r - a book of Callings

   Spells                             Type                      Level
   a - Summon Small Mammal            Summoning                    1
   b - Call Imp                       Summoning                    2
   c - Call Canine Familiar           Summoning                    3
   d - Summon Guardian Golem          Hexes/Summoning              3
   e - Summon Lightning Spire         Summoning/Air                4
   f - Summon Ice Beast               Ice/Summoning                4
Miscellaneous
 n - a phial of floods (inert)
 G - a phial of floods (inert)
 V - a phial of floods (inert)
Comestibles
 c - 10 bread rations
 M - 21 beef jerkies
 O - 9 meat rations
 R - 3 royal jellies


   Skills:
 - Level 10.1 Fighting
 - Level 14.0 Polearms
 - Level 11.2 Slings
 - Level 2.1 Armour
 + Level 13.4 Dodging
 - Level 10.9 Summonings


You had 9 spell levels left.
You knew the following spells:

 Your Spells              Type           Power        Failure   Level  Hunger
i - Call Canine Familiar  Summ           ###.....     1%          3    ####...
r - Repel Missiles        Chrm/Air       #.....       90%         2    ###....


Dungeon Overview and Level Annotations

Branches:
Dungeon (14/15)            Temple (1/1) D:7            Lair (8/8) D:9
 Shoals (0/4) Lair:3        Snake (0/4) Lair:3        Slime (0/6) Lair:7
    Orc (0/2) D:11         Vaults (0/5) D:14

Altars:
Elyvilon
Fedhas
Gozag
Makhleb
Pakellas
Ru
Sif Muna
Xom
Zin
Beogh
Jiyva

Shops:
D:2 }   D:5 ?

Portals:
Trove: D:14 (give +2 shadow dragon armour)


Innate Abilities, Weirdness & Mutations

You are resistant to torment.
Your stone body is resilient (AC +11).
You are immune to poison.
Your large and strong wings let you fly indefinitely.
You resist negative energy.
You are resistant to electric shocks.
You can survive without breathing.
You are immune to petrification.
You are immune to rotting.
You have a pair of small antennae on your head.
You are partially covered in iridescent scales (AC +4).
You possess an exceptional clarity of mind.
You are somewhat resistant to further mutation.
You passively map a small area around you.
You regenerate.
Your muscles are strong. (Str +2)
Your spells are a little easier to cast, but a little less powerful.


Message History

The ice dragon is almost dead.
The ice dragon bites you but does no damage.
The ice dragon claws you but does no damage.
The ice dragon barely misses you.
You completely miss the ice dragon.
The ice dragon is almost dead.
The ice dragon misses you. The ice dragon completely misses you.
The ice dragon misses you.
You puncture the ice dragon!
You kill the ice dragon!
Attack whom?
Press: ? - help, Dir - move target cursor, f - ettin
Aim: an ettin, wielding two dire flails (slow)
You hit the ettin.
The ettin is lightly wounded.
The ettin hits you with a dire flail!!
* * * LOW HITPOINT WARNING * * *
The ettin hits you with a dire flail!!
You die...
Xom chuckles heartily!

##### #.).# #.#.# #####
######.#.# #....
#...)).#)# #..).
#####@######.#####(.).
#<#.C..#.....>........
##.#)#..#.###...).(....
#..).#..#.#####.###....
##'''#####.......#
#.... ##.....##
######### #....
#≈...(..###### #....
#≈..)(..#≈≈≈≈≈ #####
#≈..(...'...≈≈


You could see an ettin.

Vanquished Creatures
  Kirke (Lair:8)
  An azure jelly (Lair:7)
  A fire giant (D:14)
  Josephine (Lair:5)
  A vault guard (D:14)
  An ice dragon (D:14)
  A naga warrior (Lair:3)
  10 hydras
  3 centaur warriors (D:14)
  2 tengu warriors (D:14)
  3 death yaks
  Urug (D:11)
  10 skeletal warriors
  3 unseen horrors (D:14)
  The ghost of forly the Thaumaturge, a novice DrEE of Cheibriados (D:8)
  A hill giant (D:14)
  A lindwurm (Lair:8)
  A deep elf mage (D:14)
  7 ugly things
  A manticore (D:14)
  3 elephants (Lair:8)
  4 black mambas
  4 centaur zombies
  3 gargoyles (D:14)
  2 rime drakes (Lair:8)
  9 spiny frogs
  A yaktaur (D:14)
  3 kobold demonologists (D:13)
  A komodo dragon (shapeshifter) (Lair:4)
  16 komodo dragons
  12 polar bears
  A tengu conjurer (D:14)
  A troll (D:14)
  A two-headed ogre (D:13)
  A queen bee (Lair:2)
  A boulder beetle (Lair:8)
  8 slime creatures
  27 blink frogs
  2 raiju (Lair:8)
  A slime creature (shapeshifter) (Lair:5)
  A centaur simulacrum (D:14)
  The ghost of Anmu the Ruffian, an amateur TrCK of Xom (D:4)
  A hog (shapeshifter) (Lair:4)
  7 wraiths
  3 wyverns
  2 water elementals (D:14)
  2 shadows (D:14)
  A fire bat (Lair:1)
  A human (Lair:4)
  28 yaks
  Grum (Lair:1)
  3 hogs (Lair:8)
  4 basilisks
  4 hippogriffs
  2 hungry ghosts
  8 vampire mosquitoes
  Menkaure (D:5)
  7 nagas (Lair:3)
  2 mottled dragons
  5 wargs (Lair:8)
  7 swamp worms (Lair:1)
  16 water moccasins
  7 hell hounds (Lair:8)
  A soldier ant (D:8)
  10 porcupines
  2 slaves (D:4)
  2 ice beasts (D:9)
  2 necrophages
  5 orc warriors
  5 wasps
  13 black bears
  A phantom (D:11)
  A sky beast (D:12)
  6 ogres
  33 wolves
  12 centaurs
  14 crocodiles
  3 big kobolds
  20 giant frogs
  A water moccasin zombie (D:10)
  7 scorpions
  34 killer bees
  10 wights
  4 electric eels
  7 crimson imps
  A wasp zombie (D:11)
  2 quasits
  A giant frog zombie (D:9)
  A wyvern simulacrum (D:14)
  11 orc priests
  11 orc wizards
  2 giant frog skeletons
  16 hounds
  Crazy Yiuf (D:7)
  2 jellies
  A centaur skeleton (D:4)
  9 iguanas
  2 worker ants
  A hell rat (D:5)
  14 sheep
  2 hound zombies
  2 hound skeletons (D:4)
  A worker ant zombie (D:9)
  17 adders
  8 gnolls
  76 river rats
  3 shadow imps
  An ooze (D:5)
  14 worms
  2 dart slugs (D:3)
  8 giant geckos
  48 orcs
  9 giant cockroaches
  10 goblins
  10 hobgoblins
  7 jackals
  3 quokkas
  5 ball pythons
  15 bats
  7 giant newts
  A jackal skeleton (D:8)
  10 kobolds
  A quokka zombie (D:6)
  4 rats
  4 fungi
  2 plants
804 creatures vanquished.

Vanquished Creatures (collateral kills)
  A minotaur (Lab)
  Erica (D:8)
  A skeletal warrior (D:14)
  A hill giant (D:6)
  A raiju (Lair:8)
  2 slime creatures (D:13)
  A wyvern (D:13)
  2 orc warriors
  A black bear (Lair:8)
  A crocodile (Lair:8)
  A giant frog (D:7)
  A scorpion (shapeshifter) (D:14)
  4 wights (D:6)
  A crimson imp (D:13)
  A giant frog zombie (D:6)
  An orc priest (D:7)
  2 hounds
  A worker ant (D:6)
  A shadow imp (D:6)
  A goblin (D:2)
26 creatures vanquished.

Vanquished Creatures (others)
  A death yak (Lair:7)
  Pikel (D:4)
  An ugly thing (D:14)
  A hippogriff (Lair:8)
  2 water moccasins
  3 sheep (Lair:6)
  A ball python (D:4)
  25 fungi
  20 plants
55 creatures vanquished.

Grand Total: 885 creatures vanquished

Notes
Turn   | Place    | Note
--------------------------------------------------------------
     0 | D:1      | Iskender the Gargoyle Chaos Knight began the quest for the Orb.
     0 | D:1      | Reached XP level 1. HP: 14/14 MP: 1/1
   146 | D:1      | Reached skill level 3 in Polearms
   220 | D:1      | Reached XP level 2. HP: 19/19 MP: 2/2
   554 | D:1      | XOM: harmless Air miscast
   961 | D:2      | Reached XP level 3. HP: 18/23 MP: 3/3
  1044 | D:2      | Reached skill level 4 in Polearms
  1088 | D:2      | XOM: colour smoke trail
  1153 | D:2      | XOM: mild Tloc miscast
  1202 | D:2      | Reached XP level 4. HP: 23/28 MP: 4/4
  1394 | D:2      | Found an oddly glowing altar of Pakellas.
  1394 | D:2      | Found Pakellas's Prime Provisions.
  1644 | D:2      | Reached skill level 5 in Polearms
  1644 | D:2      | Reached XP level 5. HP: 31/32 MP: 5/5
  1665 | D:2      | XOM: silly message
  1751 | D:3      | XOM: harmless Trmt miscast
  1936 | D:3      | XOM: mild Conj miscast
  1952 | D:3      | XOM: enchant monster (good)
  1992 | D:3      | XOM: enchant monster (bad)
  2340 | D:3      | XOM: cast spell 'Summon Butterflies'
  2404 | D:2      | XOM: fake destruction
  2446 | D:3      | XOM: polymorph dart slug -> gnoll
  2452 | D:3      | XOM: confuse monster(s)
  2660 | D:2      | XOM: colour smoke trail
  2720 | D:4      | Noticed Anmu's ghost (amateur TrCK)
  2726 | D:4      | XOM: destruction
  2786 | D:4      | Noticed an ogre
  2903 | D:4      | Got a polished scale mail
  3087 | D:4      | XOM: summons friendly rust devil
  3098 | D:3      | XOM: give mutations
  3098 | D:3      | Gained mutation: Your muscles are strong. (Str +2) [Xom's grace]
  3098 | D:3      | Gained mutation: You evolve. [Xom's grace]
  3098 | D:3      | Gained mutation: You rapidly evolve. [Xom's grace]
  3101 | D:3      | Reached XP level 6. HP: 26/37 MP: 6/6
  3150 | D:3      | XOM: vitrification
  3163 | D:3      | Reached skill level 6 in Polearms
  3215 | D:3      | XOM: mild Erth miscast
  3237 | D:3      | Gained mutation: You are partially covered in iridescent scales (AC +4). [evolution]
  3414 | D:5      | Entered Level 5 of the Dungeon
  3447 | D:5      | Noticed Blork the orc
  3459 | D:5      | Noticed Blork
  3459 | D:5      | Blork the orc changed into Blork the hell rat
  3461 | D:5      | Killed Blork the hell rat
  3537 | D:5      | XOM: 3-stop teleportation journey
  3582 | D:5      | XOM: harmless Conj miscast
  3601 | D:5      | XOM: scenery: 1 doors open
  3607 | D:5      | XOM: fake destruction
  3619 | D:5      | Reached skill level 7 in Polearms
  3619 | D:5      | Reached XP level 7. HP: 35/41 MP: 7/7
  3676 | D:5      | Identified the +5 scale mail of the Maze {Dex+3 Slay+2} (You found it on level 4 of the Dungeon)
  3766 | D:4      | Gained mutation: Your spells are a little easier to cast, but a little less powerful. [evolution]
  3807 | D:4      | Found a blossoming altar of Fedhas.
  3826 | D:4      | Found an oddly glowing altar of Pakellas.
  3827 | D:4      | Found a burning altar of Makhleb.
  4132 | D:4      | Noticed Pikel
  4145 | D:4      | Killed Pikel
  4145 | D:4      | Reached skill level 8 in Polearms
  4145 | D:4      | Reached XP level 8. HP: 32/46 MP: 8/8
  4145 | D:4      | XOM: divine lightning (protected)
  4212 | D:4      | XOM: silly message
  4214 | D:4      | XOM: smoke on damage
  4221 | D:4      | Killed Anmu's ghost
  4221 | D:4      | Reached skill level 9 in Polearms
  4506 | D:4      | XOM: chaos cloud
  4625 | D:5      | XOM: colour smoke trail
  4794 | D:5      | XOM is BORED!
  4794 | D:5      | XOM: harmless Conj miscast
  4955 | D:5      | Noticed Menkaure
  4957 | D:5      | XOM: cast spell 'Discord'
  4972 | D:5      | Killed Menkaure
  5097 | D:5      | XOM: polymorph giant frog -> sheep
  5148 | D:5      | Reached skill level 10 in Polearms
  5216 | D:5      | Found Kapryf Sagit's Magic Scroll Boutique.
  5222 | D:5      | Bought a scroll of identify for 26 gold pieces
  5222 | D:5      | Bought a scroll of identify for 26 gold pieces
  5222 | D:5      | Bought a scroll of identify for 26 gold pieces
  5222 | D:5      | Bought a scroll of identify for 26 gold pieces
  5222 | D:5      | Bought a scroll of identify for 26 gold pieces
  5222 | D:5      | Bought a scroll of noise for 13 gold pieces
  5222 | D:5      | Bought a scroll of identify for 26 gold pieces
  5252 | D:5      | XOM: enchant monster (good)
  5278 | D:5      | XOM: polymorph orc warrior -> big kobold
  5282 | D:5      | XOM: fog
  5367 | D:6      | XOM: cast spell 'Monstrous Menagerie'
  5445 | D:6      | Reached XP level 9. HP: 51/51 MP: 9/9
  5601 | D:6      | Noticed a hill giant
  5605 | D:6      | XOM: smoke on damage
  5605 | D:6      | Killed a hill giant
  5605 | D:6      | Reached skill level 11 in Polearms
  5741 | D:6      | XOM: give mutation
  5741 | D:6      | Gained mutation: Your natural rate of healing is unusually fast. [Xom's grace]
  5804 | D:6      | XOM: give mutations
  5804 | D:6      | Gained mutation: You heal very quickly. [Xom's grace]
  5804 | D:6      | Gained mutation: You passively map a small area around you. [Xom's grace]
  5804 | D:6      | Gained mutation: You possess an exceptional clarity of mind. [Xom's grace]
  5804 | D:6      | Gained mutation: You regenerate. [Xom's grace]
  5823 | D:6      | You fall through a shaft for 3 floors!
  5823 | D:9      | Found a white marble altar of Elyvilon.
  5835 | D:9      | XOM: potion effect (haste)
  5847 | D:9      | XOM: mild Fire miscast
  5992 | D:7      | XOM: harmless Divn miscast
  6070 | D:7      | Reached skill level 12 in Polearms
  6169 | D:7      | XOM: mild Summ miscast
  6250 | D:7      | XOM: mild Conj miscast
  6379 | D:7      | Found a staircase to the Ecumenical Temple.
  6392 | Temple   | Entered the Ecumenical Temple
  6521 | D:7      | Noticed Crazy Yiuf
  6525 | D:7      | Killed Crazy Yiuf
  6594 | D:7      | XOM: scenery: create altars
  6686 | D:7      | Gained mutation: Your flesh is heat resistant. [evolution]
  6688 | D:7      | XOM: harmless Trmt miscast
  6706 | D:7      | XOM: give mutations
  6706 | D:7      | Gained mutation: Your muscles are very strong. (Str +4) [Xom's grace]
  6706 | D:7      | Lost mutation: You rapidly evolve. [Xom's grace]
  6706 | D:7      | Lost mutation: You evolve. [Xom's grace]
  6706 | D:7      | Gained mutation: You are somewhat resistant to further mutation. [Xom's grace]
  6706 | D:7      | Gained mutation: You are resistant to hostile enchantments. [Xom's grace]
  6706 | D:7      | Gained mutation: You have a pair of small antennae on your head. [Xom's grace]
  7004 | D:8      | XOM: 1-stop teleportation journey
  7035 | D:8      | XOM: divination: magic mapping
  7053 | D:8      | XOM: give mutations
  7053 | D:8      | Gained mutation: You have large cloven feet. [Xom's grace]
  7053 | D:8      | Gained mutation: You are agile. (Dex +2) [Xom's grace]
  7053 | D:8      | Gained mutation: You are very agile. (Dex +4) [Xom's grace]
  7053 | D:8      | Gained mutation: You are somewhat resistant to both further mutation and mutation removal. [Xom's grace]
  7158 | D:8      | XOM: god gift: runed bone wand {god gift}
  7198 | D:8      | Noticed Erica
  7206 | D:8      | Killed Erica
  7206 | D:8      | Reached XP level 10. HP: 54/56 MP: 10/10
  7262 | D:8      | Reached skill level 13 in Polearms
  7272 | D:8      | Noticed forly's ghost (novice DrEE)
  7280 | D:8      | Killed forly's ghost
  7398 | D:8      | XOM: god gift: hardcover book {god gift}
  7557 | D:8      | XOM: polymorph quokka -> rat
  7619 | D:8      | XOM: smoke on damage
  7640 | D:8      | XOM: medium Conj miscast
  7648 | D:8      | Reached skill level 5 in Fighting
  7895 | D:10     | Entered Level 10 of the Dungeon
  7953 | D:9      | Found a staircase to the Lair.
  8008 | D:9      | Lost mutation: You are resistant to hostile enchantments. [potion of mutation]
  8196 | D:9      | Found an opulent altar of Gozag.
  8197 | D:9      | Found a glowing silver altar of Zin.
  8436 | Lair:1   | Entered Level 1 of the Lair of Beasts
  8466 | Lair:1   | XOM: 1-stop teleportation journey
  8473 | Lair:1   | XOM: harmless Pois miscast
  8479 | Lair:1   | XOM: harmless Fire miscast
  8522 | Lair:1   | Reached skill level 14 in Polearms
  8522 | Lair:1   | Reached XP level 11. HP: 64/64 MP: 11/11
  8564 | Lair:1   | Learned a level 3 spell: Call Canine Familiar
  8643 | Lair:1   | Reached skill level 1 in Summonings
  8656 | Lair:1   | XOM: mild Hex miscast
  8718 | Lair:1   | XOM: butterfly on damage
  8723 | Lair:1   | XOM: noise
  8744 | Lair:1   | XOM: swap monsters
  8757 | Lair:1   | XOM: smoke on damage
  8761 | Lair:1   | XOM: summons friendly iron imp
  8825 | Lair:1   | XOM: butterfly on damage
  8838 | Lair:1   | XOM: harmless Chrm miscast
  8884 | Lair:1   | XOM: smoke on damage
  8895 | Lair:1   | XOM: noise
  8901 | Lair:1   | Noticed Grum
  9047 | Lair:1   | XOM: noise
  9060 | Lair:1   | Reached skill level 5 in Summonings
  9063 | Lair:1   | XOM: 1-stop teleportation journey
  9071 | Lair:1   | XOM is BORED!
  9071 | Lair:1   | XOM: polymorph wolf -> fire bat
  9102 | Lair:1   | XOM: god gift: twisted glass ring {god gift}
  9118 | Lair:1   | Killed Grum
  9186 | Lair:1   | XOM: harmless Summ miscast
  9251 | Lair:1   | XOM: swap monsters
  9336 | Lair:1   | Reached skill level 1 in Dodging
  9409 | Lair:1   | XOM: vitrification
  9865 | Lair:2   | XOM: enchant monster (good)
  9882 | Lair:2   | XOM: smoke on damage
 10178 | Lair:2   | XOM: 5-stop teleportation journey
 10257 | Lair:2   | XOM: divination: detect items
 10389 | Lair:2   | XOM: confuse monster(s)
 10396 | Lair:2   | XOM: cast spell 'Spider Form'
 10446 | Lair:2   | XOM: divination: magic mapping
 10463 | Lair:2   | Reached skill level 5 in Dodging
 10505 | Lair:2   | Reached XP level 12. HP: 70/70 MP: 12/12
 10517 | Lair:2   | XOM: divination: detect creatures
 10589 | Lair:2   | You fall through a shaft for 2 floors!
 10608 | Lair:4   | Found a labyrinth entrance.
 10628 | Lab      | Entered a labyrinth
 10628 | Lab      | XOM: mild Hex miscast
 10799 | Lab      | Noticed a minotaur
 10806 | Lab      | Killed a minotaur
 10815 | Lab      | Got a jewelled short sword
 10822 | Lair:4   | Identified the +4 short sword "Gick" {pierce, Int+3} (You found it in a labyrinth)
 10997 | Lair:4   | Noticed an eight-headed hydra
 11000 | Lair:4   | XOM: potion effect (might)
 11008 | Lair:4   | XOM: mild Fire miscast
 11012 | Lair:4   | XOM: summons 2 hostile demons
 11036 | Lair:4   | XOM: noise
 11057 | Lair:4   | XOM: divination: detect items
 11155 | Lair:4   | XOM: harmless Summ miscast
 11273 | Lair:4   | XOM: give mutation
 11273 | Lair:4   | Lost mutation: You have large cloven feet. [Xom's mischief]
 11477 | Lair:4   | XOM: noise
 11490 | Lair:4   | XOM: summons 6 hostile demons
 11502 | Lair:4   | XOM: blink monster(s)
 11505 | Lair:4   | XOM: summons 6 hostile demons
 11509 | Lair:4   | XOM: polymorph shadow imp -> quasit
 11511 | Lair:4   | XOM: swap monsters
 11549 | Lair:5   | Noticed a six-headed hydra
 11553 | Lair:5   | Found a sacrificial altar of Ru.
 11598 | Lair:5   | XOM: vitrification
 11613 | Lair:5   | XOM: god gift: lamp of fire
 11673 | Lair:5   | Identified the Grimoire of Dislocated Unholy Rites
 11742 | Lair:5   | Reached skill level 10 in Fighting
 11777 | Lair:5   | XOM: polymorph boulder beetle -> deep troll
 11779 | Lair:5   | XOM: polymorph deep troll -> slime creature
 11783 | Lair:5   | XOM: give mutations
 11783 | Lair:5   | Lost mutation: You are very agile. (Dex +4) [Xom's mischief]
 11783 | Lair:5   | Lost mutation: You are somewhat resistant to both further mutation and mutation removal. [Xom's mischief]
 11812 | Lair:5   | XOM: noise
 11831 | Lair:5   | Noticed a seven-headed hydra
 11841 | Lair:5   | XOM: harmless Air miscast
 11870 | Lair:5   | Killed a seven-headed hydra
 11907 | Lair:5   | Noticed Josephine
 11915 | Lair:5   | XOM: divination: detect creatures
 11918 | Lair:5   | Killed Josephine
 11924 | Lair:5   | XOM: silly message
 11934 | Lair:5   | XOM: give mutation
 11934 | Lair:5   | Gained mutation: Your body sometimes deteriorates upon taking damage. [Xom's mischief]
 11944 | Lair:5   | XOM: 6-stop teleportation journey
 11984 | Lair:5   | XOM: enchant monster (good)
 12232 | Lair:5   | XOM: harmless Trmt miscast
 12342 | Lair:6   | XOM: potion effect (curing)
 12355 | Lair:6   | XOM: potion effect (agility)
 12382 | Lair:6   | XOM: potion effect (might)
 12504 | Lair:6   | Reached XP level 13. HP: 82/82 MP: 13/13
 12788 | Lair:6   | XOM: 1-stop teleportation journey
 12862 | Lair:6   | XOM: vitrification
 13107 | Lair:6   | XOM: fog
 13173 | Lair:7   | Found a staircase to the Slime Pits.
 13174 | Lair:7   | Found a viscous altar of Jiyva.
 13191 | Lair:7   | XOM: destruction
 13217 | Lair:7   | XOM: scenery: create altars
 13498 | Lair:7   | Reached skill level 10 in Dodging
 13611 | Lair:7   | XOM: summons friendly quasit
 13648 | Lair:7   | XOM: destruction
 13712 | Lair:7   | XOM: god gift: 32 gold pieces
 13899 | Lair:7   | XOM: enchant monster (good)
 13901 | Lair:7   | XOM: enchant monster (good)
 13905 | Lair:7   | XOM: enchant monster (bad)
 13912 | Lair:7   | Noticed an azure jelly
 13912 | Lair:7   | XOM: polymorph something unseen -> azure jelly
 13966 | Lair:8   | Entered Level 8 of the Lair of Beasts
 13997 | Lair:7   | XOM: mild Trmt miscast
 14068 | Lair:7   | XOM: medium Fire miscast
 14072 | Lair:7   | XOM: stat loss: -1 Dex (17/18)
 14079 | Lair:7   | XOM: mild Tloc miscast
 14083 | Lair:7   | Killed an azure jelly
 14159 | Lair:8   | XOM: medium Conj miscast
 14170 | Lair:8   | Noticed Kirke
 14171 | Lair:8   | XOM: scenery: create altars
 14179 | Lair:8   | XOM: harmless Erth miscast
 14189 | Lair:8   | Killed Kirke
 14227 | Lair:8   | XOM: scenery: create altars
 14304 | Lair:8   | Learned a level 2 spell: Repel Missiles
 14323 | Lair:8   | XOM: harmless Divn miscast
 14360 | Lair:8   | XOM: 1-stop teleportation journey
 14365 | Lair:8   | XOM: enchant monster (bad)
 14382 | Lair:8   | Gained mutation: Your large and strong wings let you fly indefinitely. [Gargoyle growth]
 14382 | Lair:8   | Reached XP level 14. HP: 69/88 MP: 14/14
 14396 | Lair:8   | XOM: noise
 14464 | Lair:8   | XOM: enchant monster (bad)
 14498 | Lair:8   | XOM: divination: magic mapping
 14514 | Lair:8   | Reached skill level 10 in Summonings
 14674 | Lair:8   | XOM: summons 11 friendly demons
 14680 | Lair:8   | XOM: summons friendly quasit
 14715 | Lair:8   | XOM: noise
 14748 | Lair:8   | XOM: potion effect (agility)
 14793 | Lair:8   | XOM: summons friendly ufetubus
 14794 | Lair:8   | XOM: polymorph ufetubus -> iron imp
 14953 | Lair:8   | XOM: enchant monster (bad)
 14985 | Lair:8   | XOM: potion effect (brilliance)
 14996 | Lair:8   | XOM: harmless Necr miscast
 15041 | Lair:8   | XOM: summons 7 hostile demons
 15072 | Lair:8   | XOM: polymorph white imp -> crimson imp
 15112 | Lair:8   | XOM: give mutations
 15112 | Lair:8   | Lost mutation: Your muscles are very strong. (Str +4) [Xom's mischief]
 15112 | Lair:8   | Lost mutation: Your body sometimes deteriorates upon taking damage. [Xom's mischief]
 15112 | Lair:8   | Lost mutation: You are agile. (Dex +2) [Xom's mischief]
 15112 | Lair:8   | Lost mutation: Your flesh is heat resistant. [Xom's mischief]
 15113 | Lair:8   | XOM: enchant monster (bad)
 15183 | Lair:8   | XOM: cast spell 'Confusing Touch'
 15213 | Lair:8   | XOM: summons friendly iron imp
 15222 | Lair:8   | XOM: confuse monster(s)
 15311 | Lair:8   | XOM: swap monsters
 15588 | Lair:4   | XOM: potion effect (invisibility)
 15598 | Lair:4   | XOM: polymorph yak -> shapeshifter
 15620 | Lair:4   | XOM: mild Fire miscast
 15690 | Lair:4   | XOM: harmless Summ miscast
 15744 | Lair:4   | XOM: colour smoke trail
 15820 | Lair:4   | XOM: polymorph rime drake -> shapeshifter
 15921 | Lair:4   | XOM: mild Tloc miscast
 16016 | Lair:3   | Found a staircase to the Shoals.
 16220 | Lair:3   | XOM: enchant monster (bad)
 16341 | Lair:3   | XOM: potion effect (agility)
 16353 | Lair:3   | XOM: vitrification
 16395 | Lair:3   | Found a staircase to the Snake Pit.
 16499 | Lair:3   | XOM: medium Tloc miscast
 18002 | D:11     | XOM: summons 5 hostile demons
 18019 | D:11     | Found a staircase to the Orcish Mines.
 18038 | D:11     | Found a roughly hewn altar of Beogh.
 18076 | D:11     | XOM: cast spell 'Call Canine Familiar'
 18123 | D:11     | XOM: cast spell 'Summon Butterflies'
 18224 | D:11     | Noticed Urug
 18239 | D:11     | Killed Urug
 18423 | D:12     | XOM: potion effect (invisibility)
 18438 | D:12     | XOM: divination: detect items
 18444 | D:12     | Reached XP level 15. HP: 92/92 MP: 15/15
 18454 | D:12     | Found a burning altar of Makhleb.
 18536 | D:12     | XOM: fog
 18539 | D:12     | XOM: confuse monster(s)
 18684 | D:12     | XOM is BORED!
 19038 | D:13     | XOM: scenery: create altars
 19080 | D:13     | XOM: swap monsters
 19226 | D:13     | XOM: god gift: thick smoking rod {god gift}
 19382 | D:13     | XOM: summons friendly quasit
 19404 | D:13     | Reached skill level 5 in Slings
 19761 | D:14     | XOM: destruction
 19853 | D:14     | Noticed a fire giant
 19903 | D:14     | Noticed an emperor scorpion
 19903 | D:14     | an eight-headed hydra changed into an emperor scorpion
 19917 | D:14     | XOM: polymorph worker ant -> scorpion
 19988 | D:14     | XOM: scenery: create altars
 20026 | D:14     | XOM: enchant monster (good)
 20048 | D:14     | Reached skill level 10 in Slings
 20053 | D:14     | XOM: swap monsters
 20129 | D:14     | XOM: enchant monster (good)
 20140 | D:14     | XOM: enchant monster (bad)
 20221 | D:14     | Found a sacrificial altar of Ru.
 20330 | D:14     | XOM: potion effect (berserk rage)
 20384 | D:14     | Found a gate to the Vaults.
 20474 | D:14     | Found a portal to a secret trove of treasure.
 20491 | D:14     | XOM: scenery: create altars
 20682 | D:14     | Found a runed gate.
 20682 | D:14     | Found a runed gate.
 20682 | D:14     | Found a runed gate.
 20730 | D:14     | Got a slimy robe
 20770 | D:14     | XOM: blink monster(s)
 20784 | D:14     | XOM: polymorph hill giant -> ice dragon
 20788 | D:14     | Killed a fire giant
 20789 | D:14     | XOM: enchant monster (good)
 20799 | D:14     | Slain by an ettin

Skill      XL: |  1  2  3  4  5  6  7  8  9 10 11 12 13 14 15 |
---------------+----------------------------------------------+-----
Polearms       | 3 4 5 7 8 10 12 14 | 14.0
Fighting       | 6 10 | 10.1
Summonings     | 6 9 10 | 10.9
Dodging        | 5 8 10 12 13 | 13.4
Slings         | 11 | 11.2
Armour         | |  2.1

Action                   |  1- 3 |  4- 6 |  7- 9 | 10-12 | 13-15 || total
-------------------------+-------+-------+-------+-------+-------++-------
Melee: Spear             |   113 |   318 |       |       |       ||   431
       Trident           |       |    44 |   202 |    49 |    62 ||   357
       Halberd           |       |       |   102 |   686 |  1641 ||  2429
       Unarmed           |       |       |       |     5 |       ||     5
 Fire: Hunting sling     |       |       |    11 |    12 |    34 ||    57
Throw: Stone             |       |    15 |       |     1 |       ||    16
 Cast: Call Canine Famil |       |       |       |     9 |    11 ||    20
 Abil: Fly               |       |       |       |       |     1 ||     1
Evoke: Wand              |       |     3 |       |    27 |    22 ||    52
       Phial of floods   |       |       |     1 |     1 |     4 ||     6
       Lamp of fire      |       |       |       |       |     2 ||     2
       Rod               |       |       |       |       |     4 ||     4
  Use: Scroll            |       |     6 |    12 |    15 |    12 ||    45
       Potion            |       |       |     1 |     6 |     4 ||    11
 Stab: Sleeping          |       |     1 |     1 |     1 |       ||     3
       Invisible         |       |       |       |       |    13 ||    13
       Confused          |       |       |       |       |     6 ||     6
       Distracted        |       |       |       |       |     2 ||     2
  Eat: Chunk             |     1 |     6 |     3 |     1 |       ||    11
       Fruit             |       |     2 |     5 |       |       ||     7
       Beef jerky        |       |       |     2 |    10 |     4 ||    16
       Pizza             |       |       |     2 |     1 |       ||     3
       Royal jelly       |       |       |       |     4 |    17 ||    21
Armor: Leather armour    |    34 |   121 |     3 |    36 |       ||   194
       Scale mail        |       |       |    90 |   360 |   668 ||  1118
       Skin              |       |       |       |     1 |       ||     1
Dodge: Dodged            |    36 |   152 |    74 |   436 |  1173 ||  1871
Block: Other             |       |       |     4 |    24 |    97 ||   125
       Reflection        |       |       |       |       |     2 ||     2
